 Dungeon Crawl Stone Soup version 0.30.1-4-g462c640d31 (webtiles) character file.

Game seed: 5234604183481589539

19173 Zeor the Thaumaturge (level 13, -4/94 HPs)
             Began as a Djinni Reaver on Aug 20, 2023.
             Was a High Priest of Makhleb.
             Slain by a four-headed hydra (7 damage)
             ... on level 2 of the Lair of Beasts.
             The game lasted 00:55:25 (13450 turns).

Zeor the Thaumaturge (Djinni Reaver)               Turns: 13450, Time: 00:55:26

Health: -4/94      AC: 12    Str: 11    XL:     13   Next: 2%
Gold:   806        EV: 14    Int: 20    God:    Makhleb [*****.] SH:  0 Dex: 15

rFire   + + +        a - +3 scimitar (flame)
rCold   . . .        (no shield)
rNeg    . . .        A - +2 robe {rC+ rF+}
rPois   ∞            (no helmet)
rElec   .            u - +0 cloak
rCorr   .            l - +2 pair of gloves {Dex+3}
SInv    .            (boots unavailable)
Will    ++...        (no amulet)
Stlth   ++           D - +4 ring of protection
HPRegen 0.35/turn    E - ring of willpower
MPRegen 0.00/turn

%: infuse magic (-5 HP)
@: flying, studying Fighting
A: sickness immunity, fire resistance 2, cold vulnerability 1, float, innate
caster, HP casting, extra vitality 1
a: Renounce Religion, Minor Destruction, Lesser Servant of Makhleb, Major
Destruction, Greater Servant of Makhleb


You were on level 2 of the Lair of Beasts.
You worshipped Makhleb.
Makhleb was extremely pleased with you.
You visited 2 branches of the dungeon, and saw 11 of its levels.
You also visited: Bailey.

You collected 806 gold pieces.

Inventory:

Hand Weapons
 a - a +3 scimitar of flaming (weapon)
 B - the +7 falchion of Mandamus {heavy, Stlth+}
   (You acquired it in a bailey)

   Stlth:     It makes you more stealthy.
 H - a +2 falchion
Missiles
 p - 2 boomerangs of dispersal
 G - 6 curare-tipped darts
Armour
 l - a +2 pair of gloves of dexterity (worn)
 o - a +0 ring mail of willpower
 u - a +0 cloak (worn)
 v - a +1 ring mail of fire resistance
 A - a +2 robe of resistance (worn)
 F - the +2 scale mail "Hoanioxu" {rN+ Str+6 Dex+3}
   (You found it on level 9 of the Dungeon)

   Str:       It affects your strength (+6).
   Dex:       It affects your dexterity (+3).
   rN:        It protects you from negative energy.
Magical Staves
 b - a staff of conjuration
 z - the staff of air "Coulippia" {rElec rF+}
   (You found it in a bailey)

   [staff of air]

   Your inability to study Air Magic prevents you from drawing on the full power
   of this staff in melee.
   Base accuracy: +5 Base damage: 5 Base attack delay: 1.2 This weapon's minimum
   attack delay (0.6) is reached at skill level 12.
   rF:        It protects you from fire.
   rElec:     It insulates you from electricity.
   It falls into the 'Staves' category.
   It is a one-handed weapon.
Jewellery
 r - an amulet of faith
 D - a +4 ring of protection (left hand)
 E - a ring of willpower (right hand)
 K - a ring of ice
Wands
 f - a wand of iceblast (12)
 k - a wand of polymorph (10)
 n - a wand of flame (50)
 C - a wand of mindburst (10)
Scrolls
 c - 5 scrolls of teleportation
 d - a scroll of immolation
 g - a scroll of enchant armour
 t - a scroll of butterflies
 I - a scroll of silence
Potions
 e - 4 potions of attraction
 h - a potion of ambrosia {unknown}
 i - 2 potions of lignification
 m - 3 potions of haste
 s - 2 potions of curing
 w - a potion of mutation {unknown}
 x - 2 potions of cancellation
 J - a potion of brilliance
 L - a potion of might
Miscellaneous
 y - a phial of floods


   Skills:
 * Level 9.0 Fighting
 + Level 8.1 Long Blades
 + Level 4.6 Armour
 + Level 5.6 Dodging
 + Level 3.6 Stealth
 + Level 0.1 Unarmed Combat
 + Level 10.7 Spellcasting
 * Level 8.2 Invocations


You knew the following spells:

 Your Spells              Type           Power      Damage    Failure   Level
b - Iskenderun's Battles  Conj           52%        2d10      2%          5
d - Static Discharge      Conj/Air       100%       2-7/arc   1%          2
h - Hailstorm             Conj/Ice       52%        3d12      1%          3
k - Kiss of Death         Conj/Necr      100%       2d13      1%          1
m - Momentum Strike       Conj/Tloc      100%       3d10      1%          2
n - Summon Mana Viper     Hex/Summ       52%        N/A       2%          5
r - Olgreb's Toxic Radia  Pois           52%        N/A       1%          4
s - Shock                 Conj/Air       100%       1d9       1%          1
v - Poisonous Vapours     Pois/Air       100%       N/A       1%          2
Your spell library was empty.

Dungeon Overview and Level Annotations

Branches:
Dungeon (9/15)             Temple (0/1) D:6            Lair (2/5) D:8
 Spider (0/4) Lair:2       Bailey (visited)
  Swamp: Lair:2-3    Shoals: Lair:2-3       Orc: D:9-12

Altars:
Ashenzari
Fedhas
Gozag
Makhleb
Nemelex Xobeh
Okawaru
Trog
Uskayaw
Xom
Yredelemnul
The Shining One

Annotations:
D:6 3 runed translucent doors, Esekla's ghost, amateur DENe


Innate Abilities, Weirdness & Mutations

You are immune to sickness and miasma.
You are immune to poison.
Your flesh is very heat resistant. (rF++)
You are vulnerable to cold. (rC-)
You float through the air rather than walking.
You learn spells naturally, not from books.
Your magical power is your life essence.
You have superior vitality. (+4 MHP)


Message History

The five-headed hydra bites you. The five-headed hydra misses you.
The five-headed hydra bites you. The five-headed hydra bites you!
The five-headed hydra bites you but does no damage.
You hack one of the five-headed hydra's heads off!
The flame cauterises the wound!
You hit the four-headed hydra. You burn the four-headed hydra.
The four-headed hydra is almost dead.
A tyrant leech comes into view.
The four-headed hydra closely misses you.
The four-headed hydra barely misses you.
The four-headed hydra closely misses you.
The four-headed hydra bites you.
* * * LOW HITPOINT WARNING * * *
You feel much better. The four-headed hydra bites you.
The four-headed hydra bites you!
The four-headed hydra bites you but does no damage.
The four-headed hydra misses you.
A demon appears!
The four-headed hydra bites you.
* * * LOW HITPOINT WARNING * * *
The four-headed hydra bites you!
* * * LOW HITPOINT WARNING * * *
The four-headed hydra bites you but does no damage. x2
The four-headed hydra attacks as you move away!
The four-headed hydra bites you!
* * * LOW HITPOINT WARNING * * *
The four-headed hydra misses you.
The four-headed hydra bites you but does no damage.
The four-headed hydra bites you.
* * * LOW HITPOINT WARNING * * *
Your smoke demon gestures at the four-headed hydra.
The sticky flame hits the four-headed hydra!
The four-headed hydra is covered in liquid flames!
Unknown command.
Okay, then.
Okay, then.
You catch the helpless four-headed hydra completely off-guard!
You hit the four-headed hydra. You burn the four-headed hydra.
The four-headed hydra is almost dead.
The four-headed hydra burns!
The four-headed hydra bites you!
You die...

▒▒▒∙∙∙∙∙∙♣♣ ~♣♣∙∙∙∙∙∙▒∙∙
▒∙∙∙▒∙∙∙∙♣ ∙∙♣▒∙∙∙∙∙∙∙∙∙
▒▒▒∙▒∙∙∙♣♣ ∙∙♣♣∙∙∙∙∙∙∙∙∙
▒▒▒∙∙∙♣ ##♣♣∙∙∙∙∙∙∙∙∙∙
▒▒∙∙♣ ♣♣♣♣##♣♣♣∙∙∙∙∙∙∙∙∙
▒▒<♣♣♣♣♣∙∙## ♣♣∙∙∙∙∙∙∙∙∙∙
▒∙∙∙∙♣♣∙∙∙♣♣♣♣∙∙∙∙∙∙∙∙∙∙∙
▒∙∙∙♣♣∙∙DD~~≈♣♣∙∙∙∙∙∙∙∙∙∙
▒▒∙∙♣♣♣~R~3~~≈♣♣∙∙∙∙∙∙∙∙∙
▒∙∙∙♣♣~~≈~~≈≈≈♣♣♣∙∙∙∙∙∙∙∙
▒∙∙♣♣∙∙∙~*~~≈≈♣▒▒∙∙∙∙∙∙∙∙
▒▒∙∙♣♣∙∙♣♣♣♣♣♣♣▒∙∙∙∙∙∙∙∙∙
▒P∙∙∙∙∙▒ ▒♣▒∙∙∙∙∙∙∙∙∙
▒▒▒▒▒▒▒▒ ▒∙▒∙∙∙∙∙∙∙∙∙
▒∙∙)∙∙∙(∙∙∙∙ ▒▒∙∙∙∙∙∙∙∙∙∙
▒▒▒▒▒▒▒▒▒▒▒


You could see a seven-headed hydra, a four-headed hydra (burning, ally target),
a friendly smoke demon (summoned) and a friendly battlesphere.

Vanquished Creatures
  An orc warlord (Bailey)
  Fannar (Lair:1)
  A hydra (Lair:2)
  A two-headed ogre (D:8)
  Erica (D:8)
  A death yak (Lair:2)
  2 cane toads
  2 torpor snails (Lair:2)
  A rime drake (Lair:1)
  A kobold demonologist (D:9)
  Psyche (D:8)
  A komodo dragon (Lair:2)
  A meliai (Lair:2)
  A troll (D:9)
  Grinder (D:5)
  A hornet (D:9)
  10 blink frogs
  A slime creature (D:8)
  A wyvern (Lair:2)
  9 yaks
  2 basilisks (Lair:1)
  4 steam dragons
  A swamp worm (Lair:2)
  3 water moccasins
  9 orc warriors (Bailey)
  3 ice beasts
  4 black bears
  A sky beast (D:6)
  An ogre (D:7)
  5 wolves
  A centaur (D:7)
  9 bullfrogs
  4 scorpions
  A wyvern zombie (D:6)
  A gnoll sergeant (D:9)
  A wight (D:9)
  14 killer bees
  A nameless horror (D:8)
  4 howler monkeys
  3 jellies
  5 hounds
  A gnoll bouda (D:9)
  6 orc priests
  Jessica (D:2)
  Ijyb (D:3)
  3 iguanas
  8 orc wizards
  2 hell rats (Lair:2)
  A killer bee zombie (D:6)
  13 gnolls
  8 adders
  6 river rats (Lair:2)
  2 shadow imps
  A white imp (D:4)
  An ufetubus (D:6)
  A worm (D:4)
  2 dart slugs
  37 orcs
  8 ball pythons
  13 endoplasms
  6 giant cockroaches
  16 goblins
  16 hobgoblins
  7 kobolds
  3 quokkas (D:2)
  4 bats
  2 frilled lizards
  11 rats
296 creatures vanquished.

Vanquished Creatures (collateral kills)
  A deep elf pyromancer (D:8)
  A cane toad (Lair:2)
  2 blink frogs
  6 yaks
  Grum (D:8)
  A water moccasin (Lair:1)
  2 orc warriors
  A wolf (D:8)
  A kobold brigand (D:9)
  2 howler monkeys (D:8)
  A gnoll bouda (D:9)
  A hell rat (Lair:2)
  2 orc wizards (D:8)
22 creatures vanquished.

Grand Total: 318 creatures vanquished

Notes
Turn   | Place    | Note
-------+----------+-------------------------------------------
     0 | D:1      | Zeor the Djinni Reaver began the quest for the Orb.
     0 | D:1      | Zeor set off with the following spells memorised: Kiss of
                  | Death, Momentum Strike, Hailstorm.
     0 | D:1      | Reached XP level 1. HP: 18/18 MP: 0/0
   228 | D:1      | Reached XP level 2. HP: 5/23 MP: 0/0
   343 | D:1      | Reached XP level 3. HP: 21/24 MP: 0/0
   343 | D:1      | Learned a level 1 spell: Shock
   505 | D:1      | Reached skill level 1 in Armour
  1252 | D:2      | Reached XP level 4. HP: 25/28 MP: 0/0
  1281 | D:2      | Noticed Jessica
  1292 | D:2      | Killed Jessica
  1603 | D:2      | Reached XP level 5. HP: 29/34 MP: 0/0
  1603 | D:2      | Learned a level 2 spell: Poisonous Vapours
  1623 | D:2      | Found a sparkling altar of Nemelex Xobeh.
  1776 | D:3      | Reached skill level 3 in Spellcasting
  1862 | D:3      | Noticed Ijyb
  1869 | D:3      | Killed Ijyb
  2090 | D:3      | Reached XP level 6. HP: 19/45 MP: 0/0
  2290 | D:3      | Found a burning altar of Makhleb.
  2302 | D:3      | Became a worshipper of Makhleb the Destroyer
  3246 | D:4      | Reached skill level 1 in Invocations
  3246 | D:4      | Reached XP level 7. HP: 28/50 MP: 0/0
  3246 | D:4      | Learned a level 2 spell: Static Discharge
  3545 | D:4      | Reached skill level 4 in Spellcasting
  4085 | D:5      | Entered Level 5 of the Dungeon
  4114 | D:5      | Noticed Grinder
  4116 | D:5      | Paralysed by Grinder for 4 turns
  4129 | D:5      | Killed Grinder
  4130 | D:5      | Reached skill level 1 in Stealth
  4130 | D:5      | Reached XP level 8. HP: 33/56 MP: 0/0
  4157 | D:5      | Reached * piety under Makhleb
  5124 | D:6      | Found a bloodstained altar of Trog.
  5245 | D:6      | Found a runed translucent gate.
  5245 | D:6      | Found a runed translucent gate.
  5245 | D:6      | Noticed Esekla's ghost (amateur DENe)
  5246 | D:6      | Found a runed translucent gate.
  5248 | D:6      | Noticed a kobold demonologist
  5260 | D:6      | Reached skill level 5 in Spellcasting
  5656 | D:6      | Found a staircase to the Ecumenical Temple.
  5695 | D:6      | Reached XP level 9. HP: 23/59 MP: 0/0
  5695 | D:6      | Learned a level 4 spell: Olgreb's Toxic Radiance
  5697 | D:6      | Reached skill level 5 in Long Blades
  6028 | D:6      | Found a basalt altar of Yredelemnul.
  6477 | D:7      | Reached ** piety under Makhleb
  6673 | D:7      | Found a large runed translucent door.
  6673 | D:7      | Found a large runed translucent door.
  6693 | D:7      | Found a glowing golden altar of the Shining One.
  6705 | D:7      | Found an iron altar of Okawaru.
  7222 | D:8      | Reached skill level 6 in Spellcasting
  7223 | D:8      | Reached skill level 5 in Invocations
  7409 | D:8      | Found a flagged portal.
  7448 | Bailey   | Entered a bailey
  7535 | Bailey   | Reached XP level 10. HP: 55/67 MP: 0/0
  7596 | Bailey   | Reached *** piety under Makhleb
  7992 | Bailey   | Reached skill level 7 in Spellcasting
  8197 | Bailey   | Noticed an orc warlord
  8212 | Bailey   | HP: 1/84 [orc warlord/+7 battleaxe (26)]
  8217 | Bailey   | Killed an orc warlord
  8402 | Bailey   | Identified the staff of air "Coulippia" {rElec rF+}
  8423 | Bailey   | Acquired the +7 falchion of Mandamus {heavy, Stlth+}
  8462 | D:8      | Noticed Psyche
  8477 | D:8      | Killed Psyche
  8478 | D:8      | Reached skill level 8 in Spellcasting
  8620 | D:8      | Noticed a two-headed ogre
  8628 | D:8      | Killed a two-headed ogre
  8629 | D:8      | Reached XP level 11. HP: 46/74 MP: 0/0
  8629 | D:8      | Learned a level 5 spell: Summon Mana Viper
  8751 | D:8      | Noticed Grum
  8757 | D:8      | Killed Grum
  8893 | D:8      | Noticed a deep elf pyromancer
  8904 | D:8      | Killed a deep elf pyromancer
  8947 | D:8      | Reached skill level 9 in Spellcasting
  8947 | D:8      | Reached **** piety under Makhleb
  9161 | D:8      | Found a staircase to the Lair.
  9405 | D:8      | Noticed Erica
  9412 | D:8      | Killed Erica
  9413 | D:8      | Reached skill level 5 in Fighting
  9679 | D:9      | Identified the +2 scale mail "Hoanioxu" {rN+ Str+6 Dex+3}
 10024 | D:9      | Found a shimmering altar of Xom.
 10029 | D:9      | Found an opulent altar of Gozag.
 10037 | D:9      | Found a hide-covered altar of Uskayaw.
 10037 | D:9      | Found a broken altar of Ashenzari.
 10125 | D:9      | Reached skill level 5 in Dodging
 10313 | D:9      | Found a blossoming altar of Fedhas.
 10857 | Lair:1   | Entered Level 1 of the Lair of Beasts
 10917 | Lair:1   | Reached XP level 12. HP: 34/84 MP: 0/0
 11707 | Lair:1   | Reached skill level 10 in Spellcasting
 11804 | Lair:1   | Noticed Fannar
 11817 | Lair:1   | HP: 3/73 [Fannar/+0 quarterstaff of freezing (7)]
 11819 | Lair:1   | Killed Fannar
 12367 | Lair:2   | Noticed a death yak
 12385 | Lair:2   | Killed a death yak
 12513 | Lair:2   | Noticed a six-headed hydra
 12526 | Lair:2   | Killed a three-headed hydra
 12642 | Lair:2   | Reached ***** piety under Makhleb
 12910 | Lair:2   | Found a hole to the Spider Nest.
 12938 | Lair:2   | Reached XP level 13. HP: 94/94 MP: 0/0
 12938 | Lair:2   | Learned a level 5 spell: Iskenderun's Battlesphere
 13438 | Lair:2   | Noticed a seven-headed hydra
 13443 | Lair:2   | Noticed a seven-headed hydra
 13449 | Lair:2   | HP: 3/94 [four-headed hydra (13)]
 13450 | Lair:2   | Slain by a four-headed hydra

Illustrated notes

Levels and vault maps discovered:
D:1:      wander_arrival_abandoned_jail, layout_basic
D:2:      layout_basic, basic_altar, uniq_jessica
D:3:      layout_basic, nicolae_vehumet_radiance, bloody_makhleb, uniq_ijyb
D:4:      layout_basic, minmay_quantized
D:5:      layout_loops_cross, uniq_grinder
D:6:      layout_loops_ring, lemuel_zombie_altar_yredelemnul,
          nicolae_overflow_crystal_walls, temple_fountains,
          gammafunk_ghost_nasty_kobolds, hangedman_abyss_or_decor_stagger
D:7:      layout_cave_pools, jmf_multi_god_temple2
D:8:      layout_rooms, lair_entry_dummy, enter_bailey_4, minmay_manual_moon,
          uniq_grum, uniq_erica, uniq_psyche
D:9:      minmay_skewed_foursquare, layout_long_grid, kennysheep_mini_moat,
          grunt_temple_overflow_open
Lair:1:   layout_cave_pods, grunt_megastairs_2, serial_bayou_shore_b,
          uniq_fannar
Lair:2:   layout_hall_layers, palyth_hydra_swamp_entry,
          hellmonk_spider_entry_not_the_bees, kennysheep_abandoned_house

Skill      XL: |  1  2  3  4  5  6  7  8  9 10 11 12 13 |
---------------+----------------------------------------+-----
Long Blades    | 3 4 5 6 8 |  8.1
Armour         | 1 2 3 4 |  4.6
Spellcasting   | 3 4 5 6 8 9 10 | 10.7
Fighting       | 3 4 6 8 9 |  9.0
Invocations    | 1 2 3 5 6 7 8 |  8.2
Stealth        | 1 2 3 |  3.6
Dodging        | 3 4 5 |  5.6
Unarmed Combat | |  0.1

Action                     |  1- 3 |  4- 6 |  7- 9 | 10-12 | 13-15 || total
---------------------------+-------+-------+-------+-------+-------++-------
  Melee: Falchion          |    65 |    62 |   137 |    63 |       ||   327
         Punch             |     1 |     1 |     5 |       |       ||     7
         Unarmed           |       |     3 |       |       |       ||     3
         Scimitar          |       |       |       |   112 |    14 ||   126
   Cast: Kiss of Death     |     3 |     1 |     2 |     6 |       ||    12
         Momentum Strike   |    14 |    20 |    31 |    21 |     1 ||    87
         Poisonous Vapours |       |    18 |    28 |    25 |       ||    71
         Hailstorm         |       |     4 |    10 |     8 |       ||    22
         Shock             |       |       |    35 |    29 |     6 ||    70
         Static Discharge  |       |       |    15 |     3 |     1 ||    19
         Olgreb's Toxic Ra |       |       |     9 |    52 |     2 ||    63
         Summon Mana Viper |       |       |       |    22 |     1 ||    23
         Iskenderun's Batt |       |       |       |       |     3 ||     3
 Invoke: Lesser Servant of |       |       |       |     1 |     1 ||     2
    Use: Scroll            |     3 |     7 |     8 |     9 |       ||    27
         Potion            |       |     2 |     2 |     6 |     1 ||    11
   Stab: Sleeping          |       |       |     3 |     1 |       ||     4
         Distracted        |       |       |       |     1 |     1 ||     2
 Armour: Leather armour    |    23 |    30 |    42 |     8 |       ||   103
         Skin              |       |       |       |     3 |       ||     3
         Robe              |       |       |       |    42 |    11 ||    53
  Dodge: Dodged            |    46 |    37 |   104 |   121 |    16 ||   324
